Map: King's Cove LE

Players

soO - Winner!

  • Race: Zerg Zerg
  • Spawn Location: 11:00

Stats

  • Race: Protoss Protoss
  • Spawn Location: 5:00

Event: IEM Season 13: Katowice (2019)

VOD

Have the link to the VOD?

Description

Time

  • Played on: March 3, 2019, 7:31 a.m.
  • Length: 9:35

All games in this series

Show
View Real Time Build Order
Export as new Build Order

soO Zerg - Winner!

Build Orders: Hatch First 

Get SALT Encoding   

  12  0:00  Drone  
  13  0:12  Overlord  
  13  0:17  Drone  
  14  0:30  Drone  
  14  0:31  Drone  
  14  0:34  Drone  
  17  0:51  Hatchery  
  17  0:54  Drone  
  17  0:58  Drone  
  18  1:10  Extractor  
  17  1:13  Spawning Pool  
  17  1:16  Drone  
  17  1:20  Drone  
  18  1:28  Drone  
  19  1:38  Drone  
  20  1:46  Hatchery  
  19  1:49  Drone  
  20  2:00  Drone  
  21  2:03  Queen  
  21  2:06  Drone  
  24  2:12  Drone  
  25  2:16  Overlord  
  25  2:24  Queen  
  27  2:30  Metabolic Boost  
  27  2:33  Drone  
  27  2:35  Drone  
  29  2:38  Drone  
  29  2:43  Drone x2  
  32  2:47  Overlord  
  32  2:54  Drone  
  33  2:58  Drone x2  
  33  3:05  Queen, Overlord  
  37  3:09  Drone x2  
  39  3:16  Queen  
  39  3:18  Zergling x2  
  42  3:23  Drone x2  
  44  3:29  Drone  
  44  3:30  Overlord  
  44  3:31  Drone  
  44  3:33  Drone x2  
  48  3:35  Drone  
  48  3:40  Drone  
  50  3:43  Overlord  
  50  3:49  Overlord  
  50  3:51  Zergling x6  
  50  3:52  Drone x2  
  50  3:53  Queen  
  57  4:00  Overlord  
  57  4:04  Drone x3  
  57  4:07  Lair, Extractor x2  
  57  4:09  Drone x2  
  60  4:11  Drone  
  60  4:14  Drone x2  
  63  4:20  Zergling x4  
  63  4:23  Drone x4  
  68  4:24  Drone  
  69  4:31  Overlord  
  69  4:33  Overlord  
  69  4:35  Zergling x4  
  69  4:36  Drone  
  72  4:40  Drone x3  
  72  4:42  Extractor  
  72  4:45  Evolution Chamber, Drone  
  74  4:54  Drone  
  74  4:55  Drone  
  74  4:56  Extractor  
  74  4:59  Drone x2  
  77  5:00  Baneling Nest  
  77  5:02  Zergling x4  
  77  5:05  Overlord  
  78  5:08  Overseer, Hydralisk Den  
  78  5:09  Overlord  
  78  5:13  Zerg Missile Weapons Level 1  
  76  5:18  Drone  
  76  5:19  Drone  
  76  5:20  Overlord  
  78  5:22  Drone x2  
  78  5:24  Overlord  
  78  5:26  Overseer  
  80  5:38  Hydralisk x6  
  80  5:39  Grooved Spines  
  80  5:40  Drone  
  93  5:49  Hatchery  
  92  5:55  Drone x2  
  92  6:01  Hydralisk x3  
  98  6:13  Drone  
  98  6:15  Centrifical Hooks  
  98  6:16  Hydralisk  
  98  6:17  Hydralisk x3  
  107  6:19  Overlord  
  107  6:22  Zergling x14  
  114  6:26  Overlord  
  114  6:29  Overlord  
  114  6:33  Overlord  
  114  6:34  Baneling x3  
  114  6:35  Baneling x5  
  114  6:36  Overlord  
  114  6:38  Hydralisk, Zergling x8  
  120  6:44  Overlord  
  120  6:47  Baneling x2  
  120  6:48  Baneling  
  120  6:49  Zergling x4  
  120  6:50  Muscular Augments  
  120  6:53  Drone x3  
  125  6:54  Drone  
  126  7:05  Hydralisk x2  
  126  7:06  Zergling x14  
  126  7:08  Zerg Melee Weapons Level 1  
  137  7:17  Drone x2  
  137  7:18  Overlord  
  139  7:24  Overlord, Drone  
  139  7:26  Hydralisk x2, Zergling x10  
  139  7:28  Baneling x10  
  149  7:32  Zergling x8  
  152  7:43  Zergling x14  
  157  7:51  Zergling x4  
  157  7:57  Overlord  
  159  7:58  Baneling x10  
  159  7:59  Zergling x14  
  159  8:03  Zergling x6  
  169  8:08  Overlord  
  168  8:19  Zergling x10  
  161  8:22  Baneling x10  
  161  8:23  Zergling x14  
  161  8:30  Zergling x6  
  161  8:33  Zergling x2  
  161  8:34  Zergling x6  
  165  8:38  Zergling x8  
  169  8:43  Hatchery  
  169  8:46  Zergling x6  
  164  8:56  Zergling x18  
  153  9:04  Hydralisk x2  
  153  9:05  Zergling x4  
  153  9:07  Zergling x8  
  153  9:08  Zergling x2  
Show
View Real Time Build Order
Export as new Build Order

Stats Protoss 

Build Orders: 1 Gate Expand, Archon Immortal 

Get SALT Encoding   

  12  0:00  Probe  
  13  0:12  Probe  
  14  0:19  Pylon  
  14  0:24  Probe  
  15  0:33  Probe  
  15  0:41  Probe  
  16  0:42  Gateway  
  16  0:46  Assimilator  
  17  0:51  Probe  
  18  1:03  Probe  
  19  1:15  Probe  
  20  1:23  Nexus  
  20  1:33  Cybernetics Core  
  20  1:37  Probe  
  21  1:43  Assimilator  
  21  1:49  Probe  
  21  1:51  Pylon  
  22  2:00  Probe  
  23  2:08  Probe  
  23  2:10  Stalker  
  23  2:14  Warp Gate  
  26  2:16  Probe  
  27  2:23  Robotics Facility  
  27  2:25  Probe  
  28  2:31  Probe  
  28  2:34  Probe  
  29  2:39  Probe  
  29  2:42  Sentry, Probe  
  33  2:50  Probe  
  34  2:56  Probe, Pylon  
  36  3:02  Probe  
  37  3:06  Gateway, Warp Prism  
  37  3:08  Probe  
  38  3:14  Probe  
  43  3:20  Sentry  
  43  3:21  Probe  
  43  3:26  Probe  
  45  3:29  Pylon  
  45  3:33  Probe  
  46  3:35  Observer  
  46  3:37  Assimilator  
  46  3:38  Probe, Assimilator  
  47  3:45  Probe  
  49  3:50  Probe  
  49  3:51  Forge  
  50  3:57  Probe  
  50  3:59  Protoss Ground Weapons Level 1  
  50  4:01  Stalker x2  
  50  4:02  Probe  
  56  4:09  Probe  
  57  4:13  Immortal  
  57  4:14  Probe  
  62  4:27  Pylon  
  62  4:29  Pylon  
  62  4:31  Pylon  
  62  4:43  Pylon  
  62  4:47  Sentry x2  
  66  4:53  Immortal  
  70  5:05  Nexus  
  70  5:07  Twilight Council  
  70  5:19  Pylon  
  70  5:20  Protoss Ground Weapons Level 2  
  70  5:30  Zealot x2  
  70  5:32  Immortal  
  70  5:34  Phoenix  
  78  5:38  Gateway  
  78  5:39  Gateway  
  78  5:44  Charge  
  78  5:49  Gateway  
  78  5:56  Templar Archives  
  78  6:03  Gateway  
  78  6:06  Gateway x2  
  78  6:13  Immortal  
  82  6:24  Probe x3  
  85  6:36  Probe x3  
  88  6:44  High Templar x3  
  88  6:45  Zealot, High Templar  
  98  6:49  Probe x3  
  101  6:55  Pylon  
  101  6:57  Photon Cannon, Archon  
  101  6:58  Archon  
  101  7:01  Immortal, Probe x3  
  106  7:05  Zealot  
  106  7:06  Zealot  
  112  7:11  Zealot x2  
  112  7:14  Pylon  
  116  7:16  Pylon  
  116  7:25  Probe x3  
  116  7:29  Zealot x3  
  125  7:30  Psionic Storm  
  125  7:39  Zealot x2  
  125  7:42  Probe x3  
  129  7:55  Pylon  
  129  7:56  Assimilator  
  129  7:58  Pylon  
  129  7:59  Assimilator  
  129  8:05  Zealot  
  129  8:06  Zealot  
  129  8:10  High Templar x2  
  129  8:11  High Templar  
  131  8:26  High Templar  
  119  8:27  Zealot x4  
  127  8:44  Zealot x3  
  133  9:01  Zealot x4  
  133  9:02  Zealot  
  115  9:06  Archon  
  115  9:08  Zealot x2  
  115  9:09  Zealot  
  83  9:22  Zealot x5  
  59  9:32  Zealot x3  

Tags
 
Add a new tag
Caveats
  • Supply blocks, unpowered buildings, or Contaminate may cause inaccurate times.
  • Supply counts are checked every 10 seconds.